AoeStats
← brightkidpoprop

Arabia

508000731Analyzed
1v1 RM · 12d ago on Sep 20, 2026· 60m 51s· 2 players
Game mode
Random Map
Map size
Tiny (2 player)
Population
200
Speed
Normal
Resources
Standard
Victory
Conquest
Starting age
Dark Age
Ending age
Imperial Age
RankedLock teamsTeams togetherTeam positionsShared explorationLock speedFull tech treeHidden civsTurbo modeCheats
Victory
Defeat
🇩🇪 Tatars · Germany
1062
+16
🇺🇸 Mongols · United States
1056
-16
brightkidpoprop
8:32 Feudal Age
9:00 Loom
12:54 Double-Bit Axe
23:11 Castle Age
21:47 Bloodlines
21:45 Scale Barding Armor
21:52 Forging
21:35 Gold Mining
21:43 Horse Collar
25:31 Wheelbarrow
25:18 Husbandry
27:21 Iron Casting
27:06 Chain Barding Armor
34:21 Gold Shaft Mining
34:00 Bow Saw
39:37 Hand Cart
38:51 Elite Skirmisher
39:37 Thumb Ring
41:03 Heavy Plow
42:49 Fletching
42:59 Padded Archer Armor
43:17 Town Watch
48:16 Imperial Age
46:45 Light Cavalry
47:27 Scale Mail Armor
47:24 Bodkin Arrow
47:29 Padded Archer Armor
50:01 Parthian Tactics
50:05 Conscription
49:11 Elite Mangudai
50:22 Ballistics
51:03 Chemistry
50:10 Siege Engineers
50:24 Hussar
51:06 Onager
52:00 Bracer
53:01 Blast Furnace
52:19 Leather Archer Armor
58:19 Drill
57:20 Elite Mangudai
Normalo
5:00 Loom
9:07 Feudal Age
22:24 Castle Age
20:57 Fletching
21:23 Double-Bit Axe
21:29 Gold Mining
22:02 Horse Collar
23:21 Forging
23:09 Bodkin Arrow
24:09 Bow Saw
25:19 Husbandry
28:04 Ballistics
30:41 Pikeman
36:20 Scale Mail Armor
38:21 Squires
38:40 Forging
40:50 Wheelbarrow
43:10 Imperial Age
41:36 Heavy Plow
42:49 Iron Casting
43:31 Bloodlines
42:42 Light Cavalry
43:30 Scale Barding Armor
44:49 Gold Shaft Mining
44:45 Crop Rotation
44:56 Silk Armor
45:17 Conscription
46:32 Halberdier
48:36 Bracer
49:37 Blast Furnace
48:57 Chain Barding Armor
49:38 Arson
49:29 Hussar
49:41 Heavy Cavalry Archer
50:24 Padded Archer Armor
54:01 Leather Archer Armor
54:22 Plate Barding Armor
Connection lost

Rejoining the realm…

Still unreachable

The connection could not be restored.

Session expired

The server has moved on; the page needs a fresh start.